 Dungeon Crawl Stone Soup version 0.26-a0-438-g4b1dca4f87 (webtiles) character file.

Game seed: 13061684507035202228

67 ReteAZ the Stinger (level 4, -5/36 HPs)
             Began as a Naga Venom Mage on July 26, 2020.
             Slain by a centaur (8 damage)
             ... on level 2 of the Dungeon.
             The game lasted 00:03:31 (2515 turns).

ReteAZ the Stinger (Naga Venom Mage)                Turns: 2515, Time: 00:03:31

Health: -5/36      AC:  3    Str: 10    XL:     4   Next: 18%
Magic:  6/8        EV: 10    Int: 17    God:
Gold:   169        SH:  0    Dex: 11    Spells: 7/8 levels left

rFire    . . .     SeeInvis +   c - +0 short sword
rCold    . . .     Faith    .   (no shield)
rNeg     . . .     Spirit   .   a - +0 robe
rPois    +         Reflect  .   (no helmet)
rElec    .         Harm     .   j - +0 cloak
rCorr    .                      (no gloves)
MR       .....                  (no barding)
Stlth    ++........             (no amulet)
HPRegen  0.12/turn              (no ring)
MPRegen  0.11/turn              (no ring)

@: brilliant, short of breath, very slow
A: large, see invisible, deformed body, poison resistance, slowness 2, spit
poison 1, AC +1
a: Spit Poison


You were on level 2 of the Dungeon.
You visited 1 branch of the dungeon, and saw 2 of its levels.

You collected 169 gold pieces.

Inventory:

Hand Weapons
 c - a +0 short sword (weapon)
Missiles
 b - 16 stones (quivered)
Armour
 a - a +0 robe (worn)
 j - a +0 cloak (worn)
Jewellery
 h - a +4 ring of evasion {unknown}
Scrolls
 d - a scroll of teleportation {unknown}
 f - 3 scrolls of identify {unknown}
 g - a scroll of magic mapping {unknown}
 i - a scroll of blinking {unknown}
Potions
 e - a potion of brilliance
 k - a potion of heal wounds {unknown}


   Skills:
 - Level 2.0 Dodging
 - Level 3.0 Stealth
 * Level 2.8 Spellcasting
 - Level 2.0 Transmutations
 + Level 4.8 Poison Magic


You had 7 spell levels left.
You knew the following spells:

 Your Spells              Type           Power        Failure   Level
a - Sting                 Tmut/Pois      ###.         4%          1

Your spell library contained the following spells:

 Spells                   Type           Power        Failure   Level
 Poisonous Vapours        Pois/Air       ###...       10%         2
 Ignite Poison            Fire/Tmut/Pois ###.....     21%         3
 Olgreb's Toxic Radiance  Pois           ####....     24%         4
 Mephitic Cloud           Conj/Pois/Air  ##......     26%         3


Dungeon Overview and Level Annotations

Branches:
Dungeon (2/15)

Altars:
Qazlal
Xom


Innate Abilities, Weirdness & Mutations

You cannot wear boots.
Your serpentine skin is tough. (AC +1)
You have supernaturally acute eyesight. (SInv)
Armour fits poorly on your strangely shaped body.
Your system is resistant to poisons. (rPois)
You cover ground very slowly.
You can spit poison.


Message History

Press: ? - help, Shift-Dir - straight line, f/p - centaur
Aim: a centaur, quivering 21 arrows (lightly wounded, poisoned)
The sting hits the centaur but does no damage.
The centaur looks even sicker.
The centaur is lightly wounded.
The centaur hits you.
* * * LOW HITPOINT WARNING * * *
The centaur hits you!
* * * LOW HITPOINT WARNING * * *
Okay, then.
Unknown command.
Press: ? - help, Shift-Dir - straight line, f/p - centaur
Aim: a centaur, quivering 21 arrows (lightly wounded, very poisoned)
The splash of poison hits the centaur!
The centaur is heavily wounded.
The centaur barely misses you.
It was a potion of brilliance.
You feel clever all of a sudden. The centaur closely misses you.
The centaur hits you!
You die...

# ^_♣ ≈..
########## ^⌠
#.......(#
#.#####........#
#.c@...........#
###..........†.#
#..###.###...#
#..#°...§#...#
#..#.....#...#
#....._......#
...#.....#)..#
##..#.....#...#
###.#######


You could see a centaur (very poisoned).

Vanquished Creatures
  An adder (D:2)
  An ooze (D:1)
  A worm (D:2)
  3 dart slugs
  A leopard gecko (D:1)
  6 bats (D:1)
  2 giant cockroaches (D:1)
  6 goblins
  3 hobgoblins
  3 jackals (D:1)
  6 kobolds
  5 frilled lizards (D:1)
  6 rats
44 creatures vanquished.

Notes
Turn   | Place    | Note
-------+----------+-------------------------------------------
     0 | D:1      | ReteAZ the Naga Venom Mage began the quest for the Orb.
     0 | D:1      | Reached XP level 1. HP: 15/15 MP: 3/3
   504 | D:1      | Reached XP level 2. HP: 14/22 MP: 1/5
  1074 | D:1      | Reached XP level 3. HP: 28/28 MP: 1/6
  2246 | D:2      | Reached XP level 4. HP: 33/36 MP: 4/8
  2465 | D:2      | Found a stormy altar of Qazlal.
  2509 | D:2      | Found a shimmering altar of Xom.
  2509 | D:2      | Noticed a centaur
  2515 | D:2      | Slain by a centaur

Illustrated notes

Levels and vault maps discovered:
D:1:      wheals_arrival_linesprint, layout_basic, minmay_tromino_v4_a
D:2:      layout_basic, grunt_qazlal_clouds, elyvilon_altar_3, xom_redecorated

Skill      XL: |  1  2  3 |
---------------+----------+-----
Dodging        | 2 |  2.0
Transmutations | 2 |  2.0
Stealth        | |  3.0
Spellcasting   | |  2.8
Poison Magic   | |  4.8

Action                   |  1- 3 |  4- 6 || total
-------------------------+-------+-------++-------
Melee: Short sword       |    37 |     5 ||    42
       Unarmed           |     3 |       ||     3
 Cast: Sting             |    53 |    10 ||    63
 Abil: Spit Poison       |     2 |     1 ||     3
  Use: Potion            |       |     1 ||     1
 Stab: Sleeping          |     1 |     1 ||     2
Armor: Robe              |    27 |     3 ||    30
Dodge: Dodged            |    58 |     4 ||    62

Table legend: (Time is in decaauts)
 A = Elapsed time spent in this place.
 B = Non-inter-level travel time spent in this place.
 C = Inter-level travel time spent in this place.
 D = Time resting spent in this place.
 E = Time spent auto-exploring this place.
 F = Levels seen in this place.
 G = Mean time per level.
                   A        B        C        D        E       F      G
               +--------+--------+--------+--------+--------+-----+--------+
         Total |   2960 |   2793 |    167 |    989 |   1406 |   2 | 1480.0 |
       Dungeon |   2960 |   2793 |    167 |    989 |   1406 |   2 | 1480.0 |
               +--------+--------+--------+--------+--------+-----+--------+

Top non-repeatable levels by time:
     D:1: 2577 daAuts
     D:2: 382 daAuts
